 Dungeon Crawl Stone Soup version 0.29.1-13-g9f3cf754e1 (webtiles) character file.

Game seed: 18143341809297594853

32 wolfrpgdude the Shield-Bearer (level 3, -14/29 HPs)
             Began as a Human Fighter on Feb 10, 2023.
             Demolished by a gnoll
             ... wielding a +0 halberd
              (15 damage)
             ... on level 2 of the Dungeon.
             The game lasted 00:01:49 (1516 turns).

wolfrpgdude the Shield-Bearer (Human Fighter)       Turns: 1516, Time: 00:01:49

Health: -14/29     AC:  6    Str: 18    XL:     3   Next: 45%
Magic:  3/3        EV:  9    Int:  8    God:
Gold:   47         SH:  4    Dex: 12    Spells: 2/2 levels left

rFire   . . .      SeeInvis .   a - +0 long sword
rCold   . . .      Faith    .   c - +0 buckler
rNeg    . . .      Spirit   .   b - +0 scale mail
rPois   .          Reflect  .   (no helmet)
rElec   .          Harm     .   (no cloak)
rCorr   +          Rampage  .   (no gloves)
Will    .....                   (no boots)
Stlth   ..........              (no amulet)
HPRegen 0.09/turn               i - ring of resist corrosion
MPRegen 0.08/turn               (no ring)

@: no status effects
A: no striking features
a: no special abilities


You were on level 2 of the Dungeon.
You visited 1 branch of the dungeon, and saw 2 of its levels.

You collected 47 gold pieces.

Inventory:

Hand Weapons
 a - a +0 long sword (weapon)
Armour
 b - a +0 scale mail (worn)
 c - a +0 buckler (worn)
Jewellery
 i - a ring of resist corrosion (left hand)
 j - an amulet of magic regeneration
Scrolls
 f - a scroll of enchant armour {unknown}
 k - a scroll of identify {unknown}
Potions
 d - a potion of might
 g - a potion of resistance {unknown}
 h - a potion of haste {unknown}


   Skills:
 + Level 3.3 Fighting
 + Level 2.5 Long Blades
 + Level 3.3 Armour
 + Level 3.3 Shields


You had 2 spell levels left.
You didn't know any spells.
Your spell library contained the following spells:

 Spells                   Type           Power      Damage    Failure   Level
 Ignite Poison            Fire/Tmut/Pois 0%         N/A       99%         3
 Mephitic Cloud           Conj/Pois/Air  0%         N/A       99%         3
 Freezing Cloud           Conj/Ice/Air   0%         6-21      100%        5


Dungeon Overview and Level Annotations

Branches:
Dungeon (2/15)

Altars:


Message History

You closely miss the bat. You block the bat's attack.
The bat hits you but does no damage.
No target in view!
No target in view!
No target in view!
No target in view!
No target in view!
No target in view!
No target in view!
The bat hits you but does no damage.
You slash the bat!
You kill the bat!
No target in view!
No target in view!
No target in view! 2 gnolls come into view.
The gnoll shouts! x2 2 gnolls come into view.
Hit: a) +0 long sword
Press: ? - help, Dir - move target, f - gnoll
Aim: a gnoll, wielding a +0 halberd (about 39% to evade your +0 long sword)
Your weapon can't reach that far!
Okay, then.
Unknown command.
The gnoll hits you but does no damage. The gnoll hits you with a +0 halberd!
The gnoll closely misses you. The gnoll attacks as you move away!
The gnoll hits you with a +0 flail. The gnoll attacks as you move away!
The gnoll hits you with a +0 halberd!
You hit the gnoll.
The gnoll is lightly wounded.
The gnoll hits you but does no damage. The gnoll hits you with a +0 flail!
* * * LOW HITPOINT WARNING * * *
As you read the scroll labelled HECZIM XORITT, it crumbles to dust.
It is a scroll of amnesia.
You feel forgetful for a moment. The gnoll hits you with a +0 club.
* * * LOW HITPOINT WARNING * * *
The gnoll barely misses you.
The gnoll hits you from afar with a +0 halberd!
Ouch! That really hurt!
You die...

........... ...........
.......... #.........
#.......# #..g....# #
#.g.....#
#.#g################
####.g@................
.......)....############
............# #......###
.....<......# #.........
......###.### ######.###
...... #.# #.#.. ......
#.# #.#.. ###### #.#
#.#.< #.# #.###


You could see 4 gnolls.

Vanquished Creatures
  2 endoplasms (D:1)
  A giant cockroach (D:1)
  4 goblins (D:1)
  7 jackals (D:1)
  3 kobolds
  4 ball pythons (D:1)
  4 bats
  2 rats (D:1)
27 creatures vanquished.

Notes
Turn   | Place    | Note
-------+----------+-------------------------------------------
     0 | D:1      | wolfrpgdude the Human Fighter began the quest for the Orb.
     0 | D:1      | Reached XP level 1. HP: 18/18 MP: 1/1
     6 | D:1      | Noticed a lindwurm
     6 | D:1      | Noticed a polar bear
     7 | D:1      | Noticed a swamp drake
   342 | D:1      | Reached XP level 2. HP: 18/24 MP: 2/2
   957 | D:1      | Reached XP level 3. HP: 23/29 MP: 3/3
  1516 | D:2      | HP: 1/29 [gnoll/+0 club (1)]
  1516 | D:2      | Demolished by a gnoll

Illustrated notes

Levels and vault maps discovered:
D:1:      onia_arrival_zoo_common, layout_basic, st_stairs_13
D:2:      layout_basic, ebering_ecumenical_altar_sacrificial, basic_altar

Action                   || total
-------------------------++-------
Melee: Long sword        ||    98
  Use: Scroll            ||     1
Armor: Scale mail        ||    65
Dodge: Dodged            ||    51
Block: Buckler           ||    35
